 Dungeon Crawl Stone Soup version 0.30-a0-913-g9934a0ce24 (webtiles) character file.

Game seed: 2817636458430653091

158869 holysushi the Stormcaller (level 17, 0/105 HPs)
             Began as an Octopode Air Elementalist on Mar 19, 2023.
             Was an Initiate of Gozag.
             Slain by a rockslime (22 damage)
             ... on level 2 of the Pits of Slime on Mar 20, 2023.
             The game lasted 01:32:56 (50476 turns).

holysushi the Stormcaller (OpAE)                   Turns: 50476, Time: 01:32:57

Health: 0/105      AC:  2    Str:  8    XL:     17   Next: 72%
Magic:  24/37      EV: 31    Int: 41    God:    Gozag
Gold:   4578       SH: 13    Dex: 28    Spells: 9/37 levels left

rFire   + . .      SeeInvis +    J - staff of air
rCold   + + .      Faith    .    I - +0 kite shield "Vivunn" {rC+ Int+5}
rNeg    . . .      Spirit   .    v - +1 hat
rPois   +          Reflect  .    g - amulet of regeneration
rElec   +          Rampage  .    b - ring of magical power
rCorr   +                        T - ring of Rus Xat {Dex+6 Slay+3}
Will    ++...                    l - ring "Deomaom" {rElec rCorr Int+3}
Stlth   ++++++                   u - +6 ring of dexterity
HPRegen 1.17/turn                B - +5 ring of evasion
MPRegen 0.25/turn                h - ring "Teutodgh" {Will+ SInv Stlth+}
                                 N - +6 ring of intelligence
                                 R - +6 ring of intelligence

@: swift (expiring), resistant, studying 2 skills, quick
A: almost no armour, amphibious, 8 rings, camouflage 1, gelatinous body 1,
(nimble swimmer 1), tentacles, low MP 1, evolution 1, subdued magic 1
a: Renounce Religion, Potion Petition, Call Merchant, Bribe Branch


You were on level 2 of the Pits of Slime.
You worshipped Gozag.
Gozag was most pleased with you.
You visited 5 branches of the dungeon, and saw 28 of its levels.
You also visited: Sewer, Gauntlet and Ice Cave.

You collected 9409 gold pieces.
You spent 4075 gold pieces at shops.
You paid 756 gold pieces to Gozag.

Inventory:

Armour
 v - a +1 hat (worn)
 I - the +0 kite shield "Vivunn" (worn) {rC+ Int+5}
   (You bought it in a shop on level 8 of the Dungeon)

   Int:       It affects your intelligence (+5).
   rC:        It protects you from cold.
Magical Staves
 J - a staff of air (weapon)
Jewellery
 b - a ring of magical power (left tentacle)
 g - an amulet of regeneration (around mantle)
 h - the ring "Teutodgh" (on tentacle) {Will+ SInv Stlth+}
   (You found it in a Gauntlet)

   [ring of see invisible]

   SInv:      It lets you see invisible.
   Will:      It increases your willpower.
   Stlth:     It makes you more stealthy.
 l - the ring "Deomaom" (on tentacle) {rElec rCorr Int+3}
   (You acquired it in a sewer)

   [ring of resist corrosion]

   Int:       It affects your intelligence (+3).
   rElec:     It insulates you from electricity.
   rCorr:     It protects you from acid and corrosion.
 u - a +6 ring of dexterity (on tentacle)
 y - a ring of poison resistance
 B - a +5 ring of evasion (on tentacle)
 G - a ring of protection from cold
 L - a +6 ring of strength
 N - a +6 ring of intelligence (on tentacle)
 O - a ring of magical power
 R - a +6 ring of intelligence (on tentacle)
 T - the ring of Rus Xat (right tentacle) {Dex+6 Slay+3}
   (You bought it in a shop on level 1 of the Dungeon)

   [ring of dexterity]

   Dex:       It affects your dexterity (+6).
   Slay:      It affects your accuracy & damage with ranged weapons and melee
   (+3).
Wands
 E - a wand of roots (8)
 V - a wand of paralysis (2)
Scrolls
 a - 5 scrolls of enchant armour
 c - 5 scrolls of vulnerability
 d - 3 scrolls of immolation
 e - 4 scrolls of teleportation
 f - 2 scrolls of amnesia
 i - 3 scrolls of noise
 k - a scroll of magic mapping
 s - a scroll of enchant weapon
 w - 3 scrolls of poison
 C - a scroll of fog
 X - 2 scrolls of brand weapon
Potions
 j - 11 potions of flight
 m - 2 potions of resistance
 n - 4 potions of attraction
 o - 3 potions of heal wounds
 q - a potion of ambrosia
 r - 2 potions of invisibility
 t - 10 potions of curing
 x - 5 potions of brilliance
 z - 7 potions of lignification
 A - 5 potions of haste
 D - a potion of might
 F - a potion of mutation
 K - a potion of cancellation
 M - a potion of berserk rage
 Y - 2 potions of magic
Miscellaneous
 H - a phantom mirror
 S - a condenser vane


   Skills:
 - Level 6.0 Fighting
 - Level 12.0 Staves
 + Level 14.1 Dodging
 - Level 7.0 Stealth
 - Level 6.0 Shields
 + Level 10.7 Spellcasting
 + Level 7.9 Conjurations
 - Level 20.0 Air Magic
 - Level 3.0 Evocations


You had 9 spell levels left.
You knew the following spells:

 Your Spells              Type           Power      Damage    Failure   Level
c - Swiftness             Air            100%       N/A       0%          3
d - Airstrike             Air            60%        2d(9-25)  0%          4
e - Summon Lightning Spi  Summ/Air       88%        N/A       1%          4
f - Maxwell's Capacitive  Air            60%        ∞         6%          8
g - Chain Lightning       Conj/Air       51%        3d68      100%        9

Your spell library contained the following spells:

 Spells                   Type           Power      Damage    Failure   Level
 Shock                    Conj/Air       100%       1d9       0%          1
 Static Discharge         Conj/Air       100%       2-7/arc   0%          2
 Foxfire                  Conj/Fire      100%       2x1d9     1%          1
 Cigotuvi's Dreadful Rot  Necr/Pois/Air  100%       N/A       1%          2
 Dazzling Flash           Conj/Hex       84%        N/A       1%          3
 Hailstorm                Conj/Ice       42%        3d10      1%          3
 Kindle Blastsparks       Fire/Tloc/Air  100%       2d18      1%          3
 Stone Arrow              Conj/Erth      84%        3d12      1%          3
 Freezing Cloud           Conj/Ice/Air   42%        6-21      1%          5
 Silence                  Hex/Air        44%        N/A       1%          5
 Conjure Ball Lightning   Conj/Air       51%        3x3d18    1%          6
 Sandblast                Erth           32%        2d9       3%          1
 Iskenderun's Battlesphe  Conj           61%        2d11      3%          5
 Passwall                 Tmut/Erth      13%        N/A       4%          2
 Sublimation of Blood     Necr           16%        N/A       4%          2
 Flame Wave               Conj/Fire      42%        2d11      7%          4
 Fulminant Prism          Conj/Hex       21%        3d12      7%          4
 Sticky Flame             Conj/Fire      42%        2d6       7%          4
 Ignite Poison            Fire/Tmut/Pois 16%        N/A       10%         3
 Inner Flame              Hex/Fire       16%        N/A       10%         3
 Ozocubu's Armour         Ice            16%        N/A       10%         3
 Portal Projectile        Hex/Tloc       32%        N/A       10%         3
 Tukima's Dance           Hex            16%        N/A       10%         3
 Fireball                 Conj/Fire      21%        3d10      19%         5
 Irradiate                Conj/Tmut      21%        3d18      19%         5
 Dispel Undead            Necr           16%        3d10      34%         4
 Ice Form                 Ice/Tmut       16%        N/A       34%         4
 Manifold Assault         Tloc           16%        N/A       34%         4
 Petrify                  Tmut/Erth      16%        N/A       34%         4
 Storm Form               Tmut/Air       44%        N/A       45%         7
 Agony                    Necr           16%        N/A       71%         5
 Blade Hands              Tmut           8%         N/A       71%         5
 Orb of Destruction       Conj           30%        9d10      77%         7
 Death Channel            Necr           8%         N/A       99%         6
 Dispersal                Tloc           8%         N/A       99%         6
 Ozocubu's Refrigeration  Ice            8%         4d9       100%        7
 Disjunction              Tloc           8%         N/A       100%        8
 Polar Vortex             Ice            8%         N/A       100%        9
 Simulacrum               Ice/Necr       Unusable   N/A       N/A         6

Dungeon Overview and Level Annotations

Branches:
Dungeon (15/15) Zot: 25811  Temple (1/1) D:4 Zot: 5760    Lair (5/5) D:10 Zot: 17875
  Swamp (0/4) Lair:3        Snake (0/4) Lair:2        Slime (5/5) Lair:4 Zot: 25980
    Orc (2/2) D:12 Zot: 8524     Elf (0/3) Orc:2        Vaults (0/5) D:14
 Depths (0/4) D:15          Sewer (visited)           IceCv (visited)
Gauntlet (visited)

Altars:
Ashenzari
Cheibriados
Dithmenos
Elyvilon
Fedhas
Gozag
Hepliaklqana
Kikubaaqudgha
Makhleb
Nemelex Xobeh
Okawaru
Qazlal
Ru
Sif Muna
Trog
Uskayaw
Vehumet
Wu Jian
Xom
Yredelemnul
Zin
The Shining One
Jiyva

Shops:
D:1 (*=:!   D:6 *   D:8 [   Orc:1 :   Orc:2 [*(=?

Annotations:
D:1 Wand of Digging
D:2 1 runed translucent door, 1 exclusion, Crazy Yiuf
D:5 exclusion: downstairs
D:6 2 runed translucent doors, NotreDorf's ghost, amateur FeSu
D:10 exclusion: downstairs
D:11 exclusion: downstairs
Lair:5 exclusion: obsidian statue


Innate Abilities, Weirdness & Mutations

You cannot wear most types of armour.
You are amphibious.
You can wear up to eight rings at the same time.
Your skin changes colour to match your surroundings (Stealth+).
Your rubbery body absorbs attacks. (AC +1, EV +1)
((You are camouflaged when in or above water. (Stealth+)))
You have tentacles for arms and can constrict up to eight enemies at once.
Your magical capacity is low. (-10% MP)
You have hidden genetic potential.
Your spells are a little easier to cast, but a little less powerful.


Message History

The splash of acid hits you! You resist.
There is a stone staircase leading up, spattered with blood here.
The slime creature completely misses you.
The rockslime completely misses you.
You climb upwards.
There is a stone staircase leading down, spattered with blood here.
The rockslime hits you.
You stumble backwards!
Casting: Swiftness (safe; 0% risk of failure)
Confirm with . or Enter, or press ? or * to list all spells.
You feel a surge of power!
You begin accumulating electric charge. (Press . to continue charging.)
You feel charge building up...
You feel charge building up... The rockslime misses you.
You feel charge building up... The rockslime misses you.
You feel charge building up... The rockslime hits you!!!
You stumble backwards!
The insufficient charge dissipates harmlessly.
Acid dripping from the walls corrodes you.
Your extra speed is starting to run out.
The rockslime misses you. The rockslime completely misses you.
The rockslime completely misses you.
There is a stone staircase leading up here.
You climb upwards.
There is a stone staircase leading down here.
You feel much better. You block the rockslime's attack.
Casting: Maxwell's Capacitive Coupling (dangerous; 6% risk of failure)
Confirm with . or Enter, or press ? or * to list all spells.
You feel a surge of power!
You begin accumulating electric charge. (Press . to continue charging.)
You feel charge building up... The rockslime hits you!!!
* * * LOW HITPOINT WARNING * * *
You stumble backwards!
The insufficient charge dissipates harmlessly.
Okay, then.
You feel yourself slow down.
Acid dripping from the walls corrodes you.
You start to feel a little slower.
The rockslime hits you!!
You die...
Your body crumbles into a pile of gold.

#######.......#.##..
#..#.#...$$.....#...
...........$#.......
............$.......
#.........$.......#
#.........$>..#.##
##.##..#...$...##
#...J........#
##.@........#...
##...........#..
##...............
#..<..........##.
##..............
##..#..........
###...........
....#......
#.####.#..#


You could see a rockslime.

Vanquished Creatures
  An Ice Fiend (IceCv)
  12 acid blobs
  Kirke (D:12)
  A storm dragon (D:14)
  2 rockslimes
  4 azure jellies
  An orc warlord (Orc:2)
  A quicksilver ooze (Slime:3)
  A minotaur (Gauntlet)
  2 dire elephants (Lair:5)
  A yaktaur captain (D:14)
  Josephine (D:10)
  2 fire dragons
  Harold (D:9)
  Fannar (D:11)
  An ice dragon (D:15)
  A caustic shrike simulacrum (IceCv)
  4 vault guards (D:14)
  3 great orbs of eyes
  13 hydras
  4 centaur warriors (D:14)
  A boulder beetle (D:14)
  6 death yaks
  4 orc high priests (Orc:2)
  A skyshark (shapeshifter) (Gauntlet)
  A death drake (Gauntlet)
  A skyshark (Lair:5)
  A spectral anaconda (Lair:5)
  A glowing orange brain (Slime:4)
  11 skeletal warriors
  2 obsidian statues (IceCv)
  A bog body (IceCv)
  2 spriggan simulacra (IceCv)
  4 lindwurms (D:13)
  4 necromancers (Lair:5)
  4 orc knights (Orc:2)
  A cyclops (shapeshifter) (D:14)
  A wolf spider (D:15)
  5 ugly things
  4 shining eyes
  5 deep elf pyromancers
  5 orc sorcerers (Orc:2)
  A spectral centaur (Gauntlet)
  2 manticores
  3 cyclopes
  A dire elephant zombie (Lair:5)
  10 elephants
  A black mamba (Lair:5)
  An eye of devastation (Slime:2)
  A torpor snail (Lair:2)
  A gargoyle (D:13)
  2 unseen horrors
  12 cane toads
  A yaktaur (D:15)
  A kobold demonologist (D:11)
  8 komodo dragons
  A spectral redback (Gauntlet)
  A tengu conjurer (D:14)
  2 rime drakes
  A golden dragon simulacrum (IceCv)
  A freezing wraith (IceCv)
  6 trolls
  2 polar bears (Lair:5)
  Prince Ribbit (D:7)
  A hornet (D:9)
  10 blink frogs
  2 centaur simulacra
  3 dream sheep (Lair:5)
  29 slime creatures
  3 wraiths
  5 shadows
  22 yaks
  6 basilisks
  3 wyverns (D:10)
  2 golden eyes
  2 redbacks (D:13)
  A harpy simulacrum (IceCv)
  A steam dragon (D:10)
  10 vampire mosquitoes
  A warg (Orc:1)
  4 swamp worms (Lair:3)
  3 nagas (Lair:2)
  2 acid dragons
  13 water moccasins
  3 hydra simulacra (IceCv)
  27 orc warriors
  A sky beast (D:7)
  An ice beast (D:8)
  A black bear (D:5)
  An elephant zombie (Lair:3)
  An alligator simulacrum (IceCv)
  6 ogres
  4 centaurs
  9 wolves
  2 ettin simulacra (IceCv)
  A phantom (D:6)
  A kobold brigand (D:9)
  9 bullfrogs
  5 scorpions
  A water moccasin zombie (D:5)
  9 wights
  2 troll zombies (D:12)
  A lindwurm simulacrum (IceCv)
  12 killer bees
  12 electric eels
  3 howler monkeys
  9 hounds
  2 bullfrog zombies (D:5)
  A gnoll bouda (Orc:2)
  19 orc priests
  5 jellies
  A scorpion zombie (D:5)
  3 iguanas
  34 orc wizards
  3 ogre zombies (D:12)
  7 gnolls
  7 river rats (Sewer)
  6 adders
  A shadow imp (D:6)
  A white imp (D:6)
  An ufetubus (D:5)
  An adder zombie (D:5)
  4 worms
  2 dart slugs (D:1)
  77 orcs
  12 ball pythons
  17 bats
  13 endoplasms
  4 giant cockroaches
  2 goblins
  6 hobgoblins
  4 jackals (Sewer)
  11 quokkas
  4 frilled lizards
  A goblin skeleton (D:12)
  2 goblin zombies (D:12)
  7 kobolds
  An orc skeleton (D:12)
  10 orc zombies (D:12)
  3 rats
699 creatures vanquished.

Vanquished Creatures (collateral kills)
  An acid blob (Slime:4)
  A very ugly thing (IceCv)
  2 dire elephants (Lair:5)
  A caustic shrike simulacrum (IceCv)
  3 hydras
  A catoblepas (Lair:3)
  3 two-headed ogres
  2 boulder beetles
  6 death yaks
  A spectral death yak (Lair:5)
  A skeletal warrior (D:12)
  A necromancer (Lair:3)
  A lindwurm (Lair:5)
  An oklob plant (Gauntlet)
  A shining eye (Slime:5)
  A cyclops (D:12)
  5 ugly things (D:14)
  An eye of devastation (Slime:5)
  13 elephants
  A dire elephant zombie (Lair:5)
  3 black mambas
  2 kobold demonologists
  2 cane toads
  A komodo dragon (shapeshifter) (Gauntlet)
  4 komodo dragons
  2 freezing wraiths (IceCv)
  A golden dragon simulacrum (IceCv)
  4 trolls
  A hornet (D:9)
  Grinder (D:3)
  A dream sheep (Lair:5)
  A blink frog (Lair:5)
  2 slime creatures (Slime:3)
  22 yaks
  A wyvern (D:10)
  7 hogs (D:12)
  6 wraiths
  A basilisk (Lair:4)
  2 steam dragons (D:7)
  A spectral cane toad (Lair:5)
  2 swamp worms (Lair:3)
  2 acid dragons
  6 water moccasins
  2 ettin simulacra (IceCv)
  2 elephant zombies
  4 orc warriors
  An alligator simulacrum (IceCv)
  A black bear (D:7)
  A wolf (Lair:2)
  An ogre (Orc:2)
  A centaur (D:9)
  2 elephant skeletons (Lair:5)
  A phantom (D:12)
  5 kobold brigands
  A komodo dragon zombie (Lair:3)
  A gnoll sergeant (D:9)
  3 bullfrogs
  2 killer bees (D:9)
  2 elephant simulacra (Lair:5)
  2 howler monkeys (D:9)
  2 jellies (Lair:4)
  4 orc priests
  An iguana (Lair:3)
  An orc wizard (Orc:2)
  An ogre zombie (D:12)
  17 orcs
  2 goblin zombies (D:12)
  23 kobolds
  3 orc zombies (D:12)
208 creatures vanquished.

Vanquished Creatures (others)
  14 demonic plants (Gauntlet)
  62 fungi
  68 plants
  27 withered plants (Lair:5)
171 creatures vanquished.

Grand Total: 1078 creatures vanquished

Notes
Turn   | Place    | Note
-------+----------+-------------------------------------------
     0 | D:1      | holysushi the Octopode Air Elementalist began the quest for
                  | the Orb.
     0 | D:1      | Reached XP level 1. HP: 11/11 MP: 3/3
   170 | D:1      | Found Faxkitz's Weapon Shoppe.
   298 | D:1      | Found Maven's Assorted Antiques.
   398 | D:1      | Reached XP level 2. HP: 10/17 MP: 1/5
   472 | D:1      | Found Zejoosm's Distillery.
   503 | D:1      | Found Qialeck's Book Emporium.
   752 | D:1      | Found Haibyl's Jewellery Shop.
  1035 | D:1      | Reached XP level 3. HP: 21/21 MP: 4/7
  1295 | D:2      | Found a broken altar of Ashenzari.
  1663 | D:2      | Found a runed translucent door.
  1664 | D:2      | Noticed Crazy Yiuf
  1877 | D:2      | Learned a level 2 spell: Static Discharge
  1881 | D:2      | Learned a level 3 spell: Swiftness
  2302 | D:3      | Noticed Grinder
  2304 | D:3      | Paralysed by Grinder for 2 turns
  2314 | D:3      | Killed Grinder
  2315 | D:3      | Reached skill level 4 in Air Magic
  2315 | D:3      | Reached XP level 4. HP: 10/29 MP: 9/9
  2315 | D:3      | Reached XP level 5. HP: 12/34 MP: 10/10
  2315 | D:3      | Reached XP level 6. HP: 14/39 MP: 11/11
  2439 | D:3      | Found a stormy altar of Qazlal.
  2519 | D:3      | Learned a level 4 spell: Airstrike
  2590 | D:3      | Found a glowing drain.
  2610 | Sewer    | Entered a sewer
  2998 | Sewer    | Reached skill level 5 in Air Magic
  3266 | Sewer    | Identified a scroll of acquirement
  3266 | Sewer    | Acquired the ring "Deomaom" {rElec rCorr Int+3}
  3811 | D:3      | Reached skill level 6 in Air Magic
  3811 | D:3      | Reached XP level 7. HP: 25/45 MP: 12/12
  4055 | D:4      | Found a sparkling altar of Nemelex Xobeh.
  4057 | D:4      | Found a glowing silver altar of Zin.
  4058 | D:4      | Found a hazy altar of Hepliaklqana.
  4058 | D:4      | Found a broken altar of Ashenzari.
  4060 | D:4      | Found a shimmering altar of Xom.
  4061 | D:4      | Found an ancient bone altar of Kikubaaqudgha.
  4288 | D:4      | Found a staircase to the Ecumenical Temple.
  4301 | Temple   | Entered the Ecumenical Temple
  4503 | Temple   | Became a worshipper of Gozag Ym Sagoz the Greedy
  4731 | D:4      | Reached skill level 7 in Air Magic
  5084 | D:5      | Entered Level 5 of the Dungeon
  5260 | D:5      | Reached XP level 8. HP: 50/50 MP: 13/13
  5280 | D:5      | Noticed a yak
  6261 | D:5      | Reached skill level 5 in Dodging
  6412 | D:5      | Found a basalt altar of Yredelemnul.
  6430 | D:5      | Reached skill level 8 in Air Magic
  6688 | D:1      | Bought a potion of brilliance for 52 gold pieces
  6688 | D:1      | Bought a potion of heal wounds for 65 gold pieces
  6688 | D:1      | Bought a potion of lignification for 39 gold pieces
  6688 | D:1      | Bought a potion of heal wounds for 65 gold pieces
  7177 | D:5      | Killed a yak
  7178 | D:5      | Reached skill level 5 in Stealth
  7454 | D:5      | Reached XP level 9. HP: 46/58 MP: 14/14
  7666 | D:6      | Found Liosas's General Store.
  8678 | D:5      | Found a basalt altar of Yredelemnul.
  9180 | D:5      | Found a basalt altar of Yredelemnul.
 10154 | D:6      | Found a burning altar of Makhleb.
 10364 | D:6      | Found a blossoming altar of Fedhas.
 10439 | D:6      | Bought a potion of ambrosia for 104 gold pieces
 10439 | D:6      | Bought a potion of haste for 130 gold pieces
 10439 | D:6      | Bought a potion of curing for 39 gold pieces
 10439 | D:6      | Bought a scroll of identify for 26 gold pieces
 10629 | D:6      | Found a large runed translucent door.
 10629 | D:6      | Found a large runed translucent door.
 10962 | D:6      | Noticed NotreDorf's ghost (amateur FeSu)
 11007 | D:7      | Found a bloodstained altar of Trog.
 11244 | D:7      | Noticed Prince Ribbit
 11247 | D:7      | Killed Prince Ribbit
 11412 | D:7      | Reached skill level 10 in Dodging
 11559 | D:7      | Learned a level 4 spell: Summon Lightning Spire
 11664 | D:7      | Reached XP level 10. HP: 36/63 MP: 6/16
 11843 | D:7      | Reached skill level 5 in Spellcasting
 13686 | D:8      | Found Etreffat's Antique Armour Shop.
 13694 | D:8      | Bought a jewelled kite shield for 275 gold pieces
 13694 | D:8      | Identified the +0 kite shield "Vivunn" {rC+ Int+5} (You
                  | bought it in a shop on level 8 of the Dungeon)
 14474 | D:9      | Noticed Harold
 14484 | D:9      | Killed Harold
 14876 | D:8      | Reached skill level 9 in Air Magic
 14876 | D:8      | Reached XP level 11. HP: 51/69 MP: 22/22
 15664 | D:1      | Bought a +6 ring of intelligence for 504 gold pieces
 15999 | D:9      | Noticed a two-headed ogre
 16007 | D:9      | Killed a two-headed ogre
 16008 | D:9      | Reached skill level 1 in Shields
 16177 | D:9      | Acquired a staff of air
 16277 | D:9      | Reached skill level 10 in Air Magic
 16499 | D:9      | Noticed a rakshasa
 16499 | D:9      | Noticed a centaur warrior
 16572 | D:10     | Entered Level 10 of the Dungeon
 16694 | D:10     | Found a staircase to the Lair.
 16828 | D:10     | Reached skill level 11 in Air Magic
 17371 | D:10     | Noticed a two-headed ogre
 17382 | D:10     | Killed a two-headed ogre
 17574 | D:10     | Found a glowing golden altar of the Shining One.
 17714 | D:10     | Noticed Josephine
 17725 | D:10     | Killed Josephine
 17726 | D:10     | Reached skill level 12 in Air Magic
 17726 | D:10     | Reached XP level 12. HP: 74/74 MP: 8/24
 18142 | D:11     | Noticed Fannar
 18332 | D:1      | Bought a ring of protection from cold for 350 gold pieces
 19747 | D:11     | Killed Fannar
 19748 | D:11     | Reached skill level 5 in Shields
 20243 | D:1      | Bought a +6 ring of intelligence for 504 gold pieces
 20875 | D:12     | Noticed a two-headed ogre
 20877 | D:12     | Killed a two-headed ogre
 20879 | D:12     | Acquired 499 gold pieces
 21930 | D:12     | Reached skill level 13 in Air Magic
 22372 | D:12     | Found a staircase to the Orcish Mines.
 22713 | D:12     | Noticed Kirke
 23568 | Lair:1   | Entered Level 1 of the Lair of Beasts
 23751 | D:1      | Bought the ring of Rus Xat {Dex+6 Slay+3} for 778 gold
                  | pieces
 24118 | Lair:1   | Reached XP level 13. HP: 79/79 MP: 25/25
 24535 | Lair:1   | Reached skill level 14 in Air Magic
 25665 | Lair:2   | Reached skill level 15 in Air Magic
 25865 | Lair:2   | Reached skill level 5 in Fighting
 26456 | Lair:2   | Reached skill level 1 in Evocations
 26964 | Lair:2   | Found a staircase to the Snake Pit.
 28013 | Lair:3   | Reached skill level 16 in Air Magic
 28520 | Lair:3   | Reached XP level 14. HP: 90/90 MP: 26/26
 28748 | Lair:3   | Found a staircase to the Swamp.
 29195 | Lair:3   | Reached skill level 17 in Air Magic
 29328 | Lair:4   | Found a staircase to the Slime Pits.
 29639 | Lair:4   | Found a viscous altar of Jiyva.
 29654 | Lair:4   | Reached skill level 1 in Staves
 31194 | Lair:5   | Entered Level 5 of the Lair of Beasts
 31772 | Lair:5   | Reached skill level 5 in Staves
 32334 | Lair:4   | Reached skill level 18 in Air Magic
 33138 | Lair:5   | Reached XP level 15. HP: 94/94 MP: 4/27
 36004 | D:10     | Learned a level 8 spell: Maxwell's Capacitive Coupling
 36272 | D:12     | Killed Kirke
 36273 | D:12     | Reached skill level 19 in Air Magic
 36459 | D:12     | Found a shimmering blue altar of Sif Muna.
 38504 | Orc:1    | Entered Level 1 of the Orcish Mines
 38519 | Orc:1    | Reached skill level 10 in Staves
 38713 | Orc:2    | Entered Level 2 of the Orcish Mines
 39179 | Orc:2    | Found Xelagiv's Magic Scroll Emporium.
 39455 | Orc:2    | Noticed an orc warlord
 39464 | Orc:2    | Killed an orc warlord
 40190 | Orc:2    | Reached XP level 16. HP: 99/99 MP: 6/28
 40198 | Orc:2    | Found a staircase to the Elven Halls.
 40987 | Orc:2    | Found Jedoukk's Antique Armour Shop.
 40988 | Orc:2    | Found Kyirum's Antique Weapon Shop.
 40990 | Orc:2    | Found Isches's General Store.
 40990 | Orc:2    | Found Puuggeg's Jewellery Boutique.
 41601 | D:6      | Bought Sif Muna's Collected Works on Causimancy and the
                  | Salvo for 442 gold pieces
 41612 | D:6      | Learned a level 9 spell: Chain Lightning
 42249 | Orc:1    | Found Unymau's Book Shop.
 42256 | Orc:1    | Bought a book of the Spheres for 702 gold pieces
 42558 | D:14     | Found a gate leading to a gauntlet.
 42567 | Gauntlet | Entered a Gauntlet
 42567 | Gauntlet | Found a transporter.
 42581 | Gauntlet | Found a transporter.
 42596 | Gauntlet | Found a transporter.
 42601 | Gauntlet | Found a transporter.
 42616 | Gauntlet | Found a transporter.
 42635 | Gauntlet | Found a transporter.
 42643 | Gauntlet | Found a large runed translucent door.
 42644 | Gauntlet | Found a large runed translucent door.
 42645 | Gauntlet | Found a large runed translucent door.
 42645 | Gauntlet | Found a large runed translucent door.
 42646 | Gauntlet | Found a runed translucent gate.
 42647 | Gauntlet | Found a transporter.
 42647 | Gauntlet | Found a runed translucent gate.
 42648 | Gauntlet | Found a runed translucent gate.
 42649 | Gauntlet | Found a large runed translucent door.
 42649 | Gauntlet | Found a large runed translucent door.
 42650 | Gauntlet | Found a large runed translucent door.
 42651 | Gauntlet | Found a large runed translucent door.
 42659 | Gauntlet | Found a transporter.
 42661 | Gauntlet | Found a large runed translucent door.
 42661 | Gauntlet | Found a large runed translucent door.
 42661 | Gauntlet | Found a runed translucent door.
 42661 | Gauntlet | Found a runed translucent door.
 42662 | Gauntlet | Found a large runed translucent door.
 42663 | Gauntlet | Found a large runed translucent door.
 42665 | Gauntlet | Found a transporter.
 42665 | Gauntlet | Found a transporter.
 42680 | Gauntlet | Found a transporter.
 42686 | Gauntlet | Found a transporter.
 42701 | Gauntlet | Found a transporter.
 42720 | Gauntlet | Found a transporter.
 42737 | Gauntlet | Found a transporter.
 42762 | Gauntlet | Found a transporter.
 42764 | Gauntlet | Found a transporter.
 42856 | Gauntlet | Found a large runed translucent door.
 42856 | Gauntlet | Found a large runed translucent door.
 42857 | Gauntlet | Found a large runed translucent door.
 42858 | Gauntlet | Found a large runed translucent door.
 42862 | Gauntlet | Found a transporter.
 43201 | Gauntlet | Identified the ring "Teutodgh" {Will+ SInv Stlth+}
 43540 | D:14     | Noticed a storm dragon
 43547 | D:14     | Killed a storm dragon
 43561 | D:14     | Reached skill level 20 in Air Magic
 44891 | D:14     | Found a gate to the Vaults.
 45074 | D:15     | Entered Level 15 of the Dungeon
 45183 | D:15     | Found a broken altar of Ashenzari.
 45247 | D:15     | Found a frozen archway.
 45271 | IceCv    | Entered an ice cave
 46260 | IceCv    | Noticed an Ice Fiend
 46264 | IceCv    | Killed an Ice Fiend
 46550 | D:15     | Reached skill level 5 in Conjurations
 46847 | D:15     | Reached XP level 17. HP: 105/105 MP: 23/30
 47033 | D:15     | Found a staircase to the Depths.
 47472 | Slime:1  | Entered Level 1 of the Pits of Slime
 47477 | Slime:2  | Noticed an acid blob
 47482 | Slime:2  | Killed an acid blob
 47782 | Slime:3  | Noticed an acid blob
 48247 | Slime:2  | Noticed an acid blob
 48253 | Slime:2  | Killed an acid blob
 48360 | Slime:3  | Killed an acid blob
 48399 | Slime:4  | Noticed an acid blob
 48404 | Slime:4  | Noticed an acid blob
 48404 | Slime:4  | Noticed an acid blob
 48405 | Slime:4  | Killed an acid blob
 48406 | Slime:4  | Reached skill level 10 in Spellcasting
 48408 | Slime:4  | Noticed an acid blob
 48642 | Slime:2  | Killed an acid blob
 48704 | Slime:3  | Killed an acid blob
 48736 | Slime:4  | Gained mutation: Your magical capacity is low. (-10% MP) [a
                  | shining eye]
 48738 | Slime:3  | Gained mutation: Your spells are a little easier to cast,
                  | but a little less powerful. [a shining eye]
 49247 | Slime:4  | Killed an acid blob
 49440 | Slime:5  | Entered Level 5 of the Pits of Slime
 49440 | Slime:5  | Noticed an acid blob
 49440 | Slime:5  | Noticed an acid blob
 49445 | Slime:5  | Gained mutation: You have hidden genetic potential. [a
                  | shining eye]
 49453 | Slime:4  | Noticed an acid blob
 49457 | Slime:4  | Killed an acid blob
 49904 | Slime:5  | Killed an acid blob
 49906 | Slime:5  | Noticed an acid blob
 49910 | Slime:5  | Killed an acid blob
 49914 | Slime:5  | Noticed an acid blob
 49917 | Slime:5  | Noticed an acid blob
 50048 | Slime:4  | Killed an acid blob
 50123 | Slime:4  | Killed an acid blob
 50226 | Slime:5  | Noticed an acid blob
 50230 | Slime:5  | Killed an acid blob
 50426 | Slime:5  | Noticed an acid blob
 50476 | Slime:2  | Slain by a rockslime

Illustrated notes

Levels and vault maps discovered:
D:1:      matt_arrival_diagonals, layout_loops_corners,
          shapermc_ecumenical_altar_petra, serial_shops, shop, shop,
          nicolae_shop_statue_plus, nicolae_shop_temple_entry_statues_fountains,
          shop, minmay_misc_feat_square, dreamdust_princess_bridge,
          minmay_misc_feat_four_crosses
D:2:      layout_basic, basic_altar, uniq_crazy_yiuf_cottage
D:3:      layout_basic, amcnicky_altar_gilded, cheibrodos_sewer_entry_sluice,
          serial_corexii_hall, corexii_hall_statues_t,
          chequers_hall_statues_corner_a, minmay_close_crescents, uniq_grinder
D:4:      layout_basic, grunt_temple_overflow_open, minmay_temple_entry_fiery
D:5:      black_bear_nest_1, layout_layer_cave,
          nicolae_yredelemnul_corpse_copse, st_stairs_12,
          dreamdust_mushroom_princess, minmay_manual_mess
D:6:      layout_cave_pools, mainiacjoe_overflow_large_starburst,
          ebering_ghost_disaster_area, serial_shops, shop_statue,
          serial_bayou_pond_d
D:7:      layout_basic, mainiacjoe_overflow_cross_hatched, uniq_prince_ribbit1
D:8:      layout_cave_pods, serial_shops, shop, minmay_misc_feat_doors
D:9:      kennysheep_windowed_halls, layout_rooms, kennysheep_generic_room_7,
          uniq_harold
D:10:     layout_roguey, nicolae_tso_carved_into_rock, minmay_lair_entry_grove,
          uniq_josephine
D:11:     layout_basic, uniq_fannar
D:12:     layout_small_grid, zombieorc1_lemuel, tgw_sif, uniq_kirke
D:13:     minmay_skewed_foursquare, layout_rooms, minmay_lindwurm_lava
D:14:     minmay_mutant_horseshoe, layout_long_grid,
          lightli_vaults_fourway_checkpoint, minmay_misc_feat_hallway,
          gauntlet_entry_generic, grunt_decor_resistance
D:15:     grunt_enter_depths_hoard, layout_basic,
          portal_ice_cave_entry_pillars_1, nicolae_ashenzari_skybound,
          billiards_dpeg
Temple:   hellmonk_temple_beads
Lair:1:   layout_cave_pods, grunt_megastairs_1
Lair:2:   layout_long_grid, nicolae_snake_entry_squirm,
          chequers_serial_rivers_large_b, serial_bayou_pond_d,
          grunt_megastairs_2
Lair:3:   pond_and_an_island_with_a_cottage, layout_gridlike,
          palyth_hydra_swamp_entry, lemuel_fruit_tree, serial_bayou_shore_b,
          serial_bayou_shore_b
Lair:4:   layout_small_grid, nicolae_slime_entry_field_trip, minivault_24,
          grunt_megastairs_5, serial_bayou_shore_a
Lair:5:   due_jungle_book, layout_misc_corridors
Slime:1:  layout_caves, nicolae_slime_getting_an_eyeful
Slime:2:  nicolae_slime_pool, layout_caves
Slime:3:  layout_caves
Slime:4:  layout_caves
Slime:5
Orc:1:    layout_caves, serial_shops, shop
Orc:2:    st_orc_congregation, layout_caves, serial_shops, shop

Skill      XL: |  1  2  3  4  5  6  7  8  9 10 11 12 13 14 15 16 17 |
---------------+----------------------------------------------------+-----
Spellcasting   | 3 4 7 8 9 10 | 10.7
Fighting       | 2 4 6 |  6.0
Dodging        | 3 6 10 12 13 14 | 14.1
Air Magic      | 4 6 7 8 9 12 13 16 18 19 20 | 20.0
Stealth        | 3 5 7 |  7.0
Shields        | 4 6 |  6.0
Evocations     | 3 |  3.0
Staves         | 6 10 12 | 12.0
Conjurations   | 5 7 |  7.9

Action                     |  1- 3 |  4- 6 |  7- 9 | 10-12 | 13-15 | 16-18 || total
---------------------------+-------+-------+-------+-------+-------+-------++-------
  Melee: Unarmed           |    38 |       |       |       |       |       ||    38
         Constrict         |     7 |    16 |     9 |     9 |    25 |    40 ||   106
         Tentacles         |    11 |    11 |    12 |     8 |    53 |    87 ||   182
         Dagger            |     7 |    66 |    39 |    10 |       |       ||   122
         Punch             |       |     3 |     1 |       |     4 |     4 ||    12
         Staff             |       |       |       |    26 |   139 |   249 ||   414
   Cast: Shock             |    52 |    23 |    40 |       |       |       ||   115
         Static Discharge  |       |    13 |    44 |       |     1 |       ||    58
         Swiftness         |       |     1 |       |     1 |     2 |     1 ||     5
         Airstrike         |       |       |    84 |   219 |   378 |   176 ||   857
         Summon Lightning  |       |       |     1 |    73 |   104 |    27 ||   205
         Maxwell's Capacit |       |       |       |       |    30 |    68 ||    98
 Invoke: Potion Petition   |       |       |       |       |       |     2 ||     2
  Evoke: Wand              |       |       |       |       |       |     1 ||     1
         Condenser vane    |       |       |       |       |       |     1 ||     1
    Use: Scroll            |     6 |     4 |     2 |     8 |    12 |    10 ||    42
         Potion            |       |       |     1 |     5 |     1 |     5 ||    12
   Stab: Sleeping          |     3 |    11 |     3 |       |     1 |       ||    18
         Distracted        |       |       |     1 |       |     7 |     2 ||    10
         Betrayed ally     |       |       |       |     1 |       |       ||     1
 Armour: Skin              |     6 |     6 |     6 |     2 |     1 |     7 ||    28
  Dodge: Dodged            |    47 |    58 |    54 |    94 |   210 |   356 ||   819
  Block: Kite shield       |       |       |       |    39 |   144 |   271 ||   454

Table legend: (Time is in decaauts)
 A = Elapsed time spent in this place.
 B = Non-inter-level travel time spent in this place.
 C = Inter-level travel time spent in this place.
 D = Time resting spent in this place.
 E = Time spent auto-exploring this place.
 F = Levels seen in this place.
 G = Mean time per level.
                   A        B        C        D        E       F      G
               +--------+--------+--------+--------+--------+-----+--------+
         Total |  50443 |  46779 |   3664 |  17707 |  20848 |  31 | 1627.2 |
       Dungeon |  28855 |  25816 |   3039 |   9866 |  11875 |  15 | 1923.7 |
        Temple |    239 |    175 |     64 |      0 |    164 |   1 |  239.0 |
          Lair |  12124 |  11745 |    379 |   4145 |   5720 |   5 | 2424.8 |
    Slime Pits |   2978 |   2953 |     25 |   2147 |    191 |   5 |  595.6 |
  Orcish Mines |   3476 |   3321 |    155 |    445 |   2193 |   2 | 1738.0 |
         Sewer |    825 |    825 |      0 |    355 |    127 |   1 |  825.0 |
      Ice Cave |   1133 |   1133 |      0 |    564 |    260 |   1 | 1133.0 |
      Gauntlet |    809 |    809 |      0 |    185 |    318 |   1 |  809.0 |
               +--------+--------+--------+--------+--------+-----+--------+

Top non-repeatable levels by time:
     D:5: 4746 daAuts
  Lair:5: 3631 daAuts
    D:12: 3372 daAuts
  Lair:4: 2923 daAuts
   Orc:2: 2745 daAuts
     D:8: 2496 daAuts
  Lair:3: 2327 daAuts
    D:11: 2263 daAuts
     D:9: 2055 daAuts
    D:10: 1876 daAuts
    D:13: 1862 daAuts
  Lair:2: 1793 daAuts
    D:14: 1690 daAuts
     D:1: 1505 daAuts
  Lair:1: 1449 daAuts
